 Dungeon Crawl Stone Soup version 0.27-a0-906-g0a00ce863d (webtiles) character file.

Game seed: 10317779961375500010

2072 lunkers the Transmogrifier (level 9, -2/59 HPs)
             Began as a Merfolk Transmuter on Apr 5, 2021.
             Was a Priest of Okawaru.
             Slain by Harold
             ... wielding a +0 scimitar
              (29 damage)
             ... on level 7 of the Dungeon on Apr 6, 2021.
             The game lasted 00:12:31 (8627 turns).

lunkers the Transmogrifier (Merfolk Transmuter)     Turns: 8627, Time: 00:12:32

Health: -2/59      AC:  2    Str: 10    XL:     9   Next: 26%
Magic:  10/12      EV: 20    Int: 13    God:    Okawaru [***...]
Gold:   295        SH:  0    Dex: 22    Spells: 3/12 levels left

rFire    . . .     SeeInvis .     - Unarmed
rCold    + . .     Faith    .   (shield currently unavailable)
rNeg     . . .     Spirit   .   (armour currently unavailable)
rPois    x         Reflect  .   (helmet currently unavailable)
rElec    .         Harm     .   (cloak currently unavailable)
rCorr    .         Rampage  .   (gloves currently unavailable)
Will     +....                  (boots currently unavailable)
Stlth    ++........             (no amulet)
HPRegen  0.19/turn              s - ring of protection from cold
MPRegen  0.13/turn              u - ring of willpower

@: spider-form, marked
A: venomous fangs, tiny, (nimble swimmer 2), (mertail)
a: End Transformation, Renounce Religion, Heroism


You were on level 7 of the Dungeon.
You worshipped Okawaru.
Okawaru was most pleased with you.
You were a venomous arachnid creature.
You visited 2 branches of the dungeon, and saw 8 of its levels.

You collected 295 gold pieces.

Inventory:

Armour
 a - a +0 robe (melded)
 c - a +0 helmet (melded)
 d - a +2 pair of boots (melded)
 n - a +0 buckler
Jewellery
 s - a ring of protection from cold (left front leg)
 u - a ring of willpower (right front leg)
Wands
 t - a wand of iceblast (7)
 y - a wand of random effects (17)
Scrolls
 b - 4 scrolls of identify
 e - a scroll of vulnerability {unknown}
 f - 2 scrolls of noise {unknown}
 g - 2 scrolls of silence {unknown}
 j - a scroll of blinking {unknown}
 l - a scroll of enchant armour {unknown}
 m - 2 scrolls of amnesia {unknown}
 p - 5 scrolls of teleportation {unknown}
 q - 2 scrolls of fog {unknown}
 v - a scroll of holy word {unknown}
 w - 2 scrolls of enchant weapon {unknown}
 B - a scroll of brand weapon {unknown}
 C - a scroll of acquirement {unknown}
 D - a scroll of immolation {unknown}
Potions
 h - 3 potions of heal wounds
 i - 2 potions of lignification
 k - a potion of brilliance {unknown}
 o - 3 potions of flight
 r - a potion of curing
 x - a potion of cancellation
 z - a potion of ambrosia {unknown}
 A - a potion of attraction {unknown}


   Skills:
 - Level 1.1 Fighting
 - Level 2.6 Dodging
 + Level 9.4 Unarmed Combat
 - Level 2.0 Spellcasting
 + Level 10.5 Transmutations
 - Level 4.0 Invocations


You had 3 spell levels left.
You knew the following spells:

 Your Spells              Type           Power      Damage    Failure   Level
b - Spider Form           Tmut/Pois      7%         N/A       22%         3
c - Hydra Form            Tmut           14%        N/A       24%         5
p - Beastly Appendage     Tmut           56%        N/A       3%          1

Your spell library contained the following spells:

 Spells                   Type           Power      Damage    Failure   Level
 Wereblood                Tmut           28%        N/A       3%          2
 Animate Skeleton         Necr           2%         N/A       47%         1
 Ice Form                 Ice/Tmut       14%        N/A       50%         4


Dungeon Overview and Level Annotations

Branches:
Dungeon (7/15)             Temple (1/1) D:4

Altars:
Ashenzari
Dithmenos
Elyvilon
Fedhas
Gozag
Hepliaklqana
Kikubaaqudgha
Nemelex Xobeh
Okawaru
Qazlal
Ru
Sif Muna
Trog
Uskayaw
Vehumet
Wu Jian
Xom
Yredelemnul
The Shining One

Shops:
D:2 :   D:6 [

Annotations:
D:7 Harold


Innate Abilities, Weirdness & Mutations

You are a venomous arachnid creature.
You have poisonous fangs.
You are tiny and dextrous.
Your spellcasting is less reliable in this form.
Your armour is entirely melded.
You are incapable of wielding weapons or throwing items.
((You are quick and stealthy near water. (Stealth+, EV+, Speed+++)))
((Your lower body shifts to a powerful aquatic tail in water.))


Message History

You hit Harold but do no damage.
Harold looks as sick as possible!
Harold is lightly wounded.
Harold barely misses you.
Unknown command.
You bite Harold!
Harold is moderately wounded.
Unknown command.
You hit Harold but do no damage.
Harold is moderately wounded.
Harold zaps a wand.
You resist with almost no effort.
Unknown command.
You hit Harold.
Harold looks as sick as possible!
Harold is heavily wounded.
Harold hits you with a +0 scimitar!
* * * LOW HITPOINT WARNING * * *
You hit Harold.
Harold looks as sick as possible!
Harold is heavily wounded.
Harold closely misses you.
Unknown command.
You hit Harold but do no damage.
Harold is heavily wounded.
Harold closely misses you.
Unknown command.
You hit Harold.
Harold is severely wounded.
Unknown command.
You hit Harold but do no damage.
Harold looks as sick as possible!
Harold is severely wounded.
Harold gestures at you while chanting. A sentinel's mark forms upon you.
Unknown command.
You hit Harold but do no damage.
Harold looks as sick as possible!
Harold is severely wounded.
Harold says, "I was hoping my final job would be more of a challenge, but money is money."
Harold closely misses you.
Unknown command.
You hit Harold.
Harold looks as sick as possible!
Harold is severely wounded.
Harold hits you with a +0 scimitar!!
You die...

#..< #... #...
#... ...
####.#### ##
###.......##..
.......s†.[#.#
##...#@##..#.#
..^.....#..#.#
##...##.#..#.#
#...#.....#.#
.............#
#######
####.......###
#.....#
#.......#
#.###.#
#.......# #.#
#..


You could see Harold (extremely poisoned).

Vanquished Creatures
  Prince Ribbit (D:6)
  A steam dragon (D:7)
  2 water moccasins
  A black bear (D:4)
  An ice beast (D:7)
  An orc warrior (D:6)
  A sky beast (D:5)
  3 ogres
  A phantom (D:5)
  A bullfrog (D:7)
  3 scorpions
  3 howler monkeys
  A hound (D:5)
  A centaur skeleton (D:5)
  3 orc priests
  2 jellies
  3 orc wizards
  A hound skeleton (D:4)
  4 gnolls (D:6)
  3 river rats (D:6)
  6 adders
  A shadow imp (D:7)
  A white imp (D:7)
  A worm (D:2)
  A dart slug (D:1)
  7 orcs
  A bat (D:1)
  5 endoplasms
  4 giant cockroaches
  8 goblins
  5 hobgoblins
  5 jackals
  5 kobolds
  3 quokkas
  7 ball pythons
  A frilled lizard (D:3)
  4 rats
102 creatures vanquished.

Notes
Turn   | Place    | Note
-------+----------+-------------------------------------------
     0 | D:1      | lunkers the Merfolk Transmuter began the quest for the Orb.
     0 | D:1      | Reached XP level 1. HP: 15/15 MP: 3/3
   230 | D:1      | Reached skill level 3 in Transmutations
   281 | D:1      | Reached XP level 2. HP: 21/21 MP: 3/5
   864 | D:1      | Reached XP level 3. HP: 24/26 MP: 4/6
   893 | D:1      | Learned a level 3 spell: Spider Form
  1089 | D:2      | Found Jikyics's Book Emporium.
  1620 | D:2      | Reached skill level 4 in Transmutations
  1847 | D:2      | Found a shimmering altar of Xom.
  2615 | D:3      | Found a radiant altar of Vehumet.
  2628 | D:3      | Reached XP level 4. HP: 26/32 MP: 1/7
  2809 | D:3      | Found a shimmering blue altar of Sif Muna.
  2810 | D:3      | Found an ancient bone altar of Kikubaaqudgha.
  2841 | D:3      | Identified Kikubaaqudgha's Handbook of Dark Arts
  3240 | D:4      | Found a staircase to the Ecumenical Temple.
  3260 | Temple   | Entered the Ecumenical Temple
  3437 | Temple   | Became a worshipper of Warmaster Okawaru
  3463 | D:4      | Reached skill level 5 in Transmutations
  3463 | D:4      | Reached XP level 5. HP: 25/37 MP: 5/8
  3648 | D:4      | Reached skill level 5 in Unarmed Combat
  3665 | D:4      | Noticed a black bear
  3675 | D:4      | Killed a black bear
  3675 | D:4      | Reached * piety under Okawaru
  3676 | D:4      | Reached skill level 6 in Transmutations
  3676 | D:4      | Reached XP level 6. HP: 27/43 MP: 5/9
  4263 | D:4      | Reached skill level 1 in Invocations
  4604 | D:4      | Found a white marble altar of Elyvilon.
  4610 | D:4      | Found a stormy altar of Qazlal.
  4615 | D:4      | Found a shimmering altar of Xom.
  4709 | D:4      | Found a broken altar of Ashenzari.
  4727 | D:5      | Entered Level 5 of the Dungeon
  4824 | D:5      | Reached XP level 7. HP: 43/48 MP: 6/10
  4843 | D:5      | Reached skill level 7 in Transmutations
  5496 | D:5      | Found an opulent altar of Gozag.
  5680 | D:5      | Reached ** piety under Okawaru
  6409 | D:6      | Reached skill level 8 in Transmutations
  6409 | D:6      | Reached XP level 8. HP: 37/54 MP: 8/11
  6502 | D:6      | Noticed Prince Ribbit
  6517 | D:6      | Killed Prince Ribbit
  6764 | D:6      | Learned a level 5 spell: Hydra Form
  6772 | D:6      | Found Xunomyfa's Antique Armour Shop.
  6831 | D:6      | Found a sacrificial altar of Ru.
  6868 | D:6      | Reached skill level 9 in Transmutations
  7043 | D:6      | Reached *** piety under Okawaru
  7439 | D:6      | Found an ornate altar of the Wu Jian Council.
  7561 | D:7      | Upgraded the game from 0.27-a0-899-ge2d0b17c59 to
                  | 0.27-a0-906-g0a00ce863d
  7650 | D:7      | Reached skill level 10 in Transmutations
  7650 | D:7      | Reached XP level 9. HP: 8/59 MP: 5/12
  8418 | D:7      | Noticed Harold
  8627 | D:7      | Slain by Harold

Illustrated notes

Levels and vault maps discovered:
D:1:      dpeg_arrival_pits, layout_basic, grunt_decor_arrowhead,
          minmay_distorted
D:2:      layout_basic, serial_shops, shop, serial_rivers,
          chequers_serial_rivers_micro_e, chequers_serial_rivers_large_a,
          chequers_serial_rivers_small_b, chequers_serial_rivers_room_b,
          chequers_serial_rivers_micro_e, basic_altar
D:3:      layout_rooms, grunt_temple_overflow_magic_moments,
          chequers_decorated_corner
D:4:      layout_loops_ring, minmay_overflow_temple_star_quad,
          kennysheep_mini_moat, minmay_temple_entry_stoned_glass,
          hangedman_decor_peaks_small
D:5:      layout_basic, kennysheep_little_box, minivault_11
D:6:      layout_loops_ring, lemuel_crystal_altar, nzn_wu_jian_council_hall,
          portal_sewer_entry_b, serial_shops, shop, hex_medium,
          uniq_prince_ribbit1
D:7:      layout_loops_cross, uniq_harold
Temple:   compressed_dpeg_triangle_lava_temple

Skill      XL: |  1  2  3  4  5  6  7  8 |
---------------+-------------------------+-----
Transmutations | 3 4 5 6 8 10 | 10.5
Unarmed Combat | 4 5 6 7 9 |  9.4
Invocations    | 1 3 4 |  4.0
Fighting       | |  1.1
Dodging        | |  2.6
Spellcasting   | |  2.0

Action                   |  1- 3 |  4- 6 |  7- 9 || total
-------------------------+-------+-------+-------++-------
Melee: Unarmed           |   104 |    65 |   177 ||   346
       Headbutt          |    10 |       |       ||    10
       Punch             |     1 |       |       ||     1
 Cast: Beastly Appendage |    19 |       |     2 ||    21
       Spider Form       |     5 |    16 |    24 ||    45
Evoke: Wand              |       |       |     1 ||     1
  Use: Scroll            |       |       |     6 ||     6
 Stab: Sleeping          |       |       |     1 ||     1
Armor: Robe              |    14 |       |     4 ||    18
       Skin              |     1 |     4 |     5 ||    10
Dodge: Dodged            |    67 |    41 |   130 ||   238

Table legend: (Time is in decaauts)
 A = Elapsed time spent in this place.
 B = Non-inter-level travel time spent in this place.
 C = Inter-level travel time spent in this place.
 D = Time resting spent in this place.
 E = Time spent auto-exploring this place.
 F = Levels seen in this place.
 G = Mean time per level.
                   A        B        C        D        E       F      G
               +--------+--------+--------+--------+--------+-----+--------+
         Total |   8556 |   8359 |    197 |    558 |   6837 |   8 | 1069.5 |
       Dungeon |   8371 |   8199 |    172 |    558 |   6679 |   7 | 1195.9 |
        Temple |    184 |    159 |     25 |      0 |    158 |   1 |  184.0 |
               +--------+--------+--------+--------+--------+-----+--------+

Top non-repeatable levels by time:
     D:6: 1575 daAuts
     D:5: 1453 daAuts
     D:4: 1298 daAuts
     D:2: 1209 daAuts
     D:3: 996 daAuts
     D:1: 993 daAuts
     D:7: 844 daAuts
  Temple: 184 daAuts
